 Dungeon Crawl Stone Soup version 0.28-a0-563-gf77a47075d (webtiles) character file.

Game seed: 10801831181852441189

20593 barkas the Basher (level 12, -2/115 HPs)
             Began as a Naga Cinder Acolyte on Sept 30, 2021.
             Was an Initiate of Gozag.
             Slain by a death yak (19 damage)
             ... on level 2 of the Lair of Beasts.
             The game lasted 00:27:52 (16144 turns).

barkas the Basher (Naga Cinder Acolyte)            Turns: 16144, Time: 00:27:52

Health: -2/115     AC: 12    Str: 23    XL:     12   Next: 81%
Magic:  17/25      EV: 11    Int: 15    God:    Gozag
Gold:   1039       SH:  6    Dex:  4    Spells: 12/17 levels left

rFire   . . .      SeeInvis +   o - +2 whip (elec)
rCold   + + .      Faith    .   t - +2 buckler
rNeg    . . .      Spirit   .   b - +1 scale mail of the Orcish Mines {rC++ Str+2 Dex-3 Slay+5}
rPois   +          Reflect  .   m - +0 helmet
rElec   .          Harm     .   J - +2 cloak
rCorr   .          Rampage  .   (no gloves)
Will    +....                   (no barding)
Stlth   +++.......              u - amulet of the acrobat
HPRegen 0.29/turn               w - ring of magical power
MPRegen 0.19/turn               s - +4 ring of evasion

@: about to teleport, freezing walls, fire susceptible, very slow
A: AC +4, large, see invisible, deformed body, poison resistance, slowness 2,
spit poison 1, naga tail 1
a: Spit Poison, Renounce Religion, Potion Petition, Call Merchant, Bribe Branch


You were on level 2 of the Lair of Beasts.
You worshipped Gozag.
Gozag was most pleased with you.
You visited 3 branches of the dungeon, and saw 13 of its levels.

You collected 1498 gold pieces.
You spent 270 gold pieces at shops.
You paid 189 gold pieces to Gozag.

Inventory:

Hand Weapons
 a - a +0 mace of flaming
 o - a +2 whip of electrocution (weapon)
 B - a +1 flail of venom
Missiles
 l - 5 poisoned darts
Armour
 b - the +1 scale mail of the Orcish Mines (worn) {rC++ Str+2 Dex-3 Slay+5}
   (You bought it in a shop on level 6 of the Dungeon)

   Str:       It affects your strength (+2).
   Dex:       It affects your dexterity (-3).
   Slay:      It affects your accuracy & damage with ranged weapons and melee
   (+5).
   rC:        It greatly protects you from cold.
 e - a scarf of invisibility
 h - a +2 robe of cold resistance
 m - a +0 helmet (worn)
 r - a +0 kite shield
 t - a +2 buckler (worn)
 J - a +2 cloak (worn)
 R - a +2 robe of willpower
Jewellery
 s - a +4 ring of evasion (right hand)
 u - an amulet of the acrobat (around neck)
 w - a ring of magical power (left hand)
Wands
 j - a wand of flame (11)
 k - a wand of charming (9)
 n - a wand of polymorph (3)
 K - a wand of iceblast (10)
 O - a wand of acid (9)
 S - a wand of paralysis (5)
Scrolls
 f - 3 scrolls of summoning
 i - 5 scrolls of teleportation
 x - 2 scrolls of magic mapping
 y - a scroll of vulnerability
 E - a scroll of brand weapon {unknown}
 F - 2 scrolls of fear
 G - 2 scrolls of immolation {unknown}
 H - 4 scrolls of enchant weapon
 I - 2 scrolls of enchant armour
 L - a scroll of amnesia {unknown}
 N - a scroll of torment {unknown}
Potions
 c - 3 potions of haste
 d - a potion of resistance
 g - 3 potions of invisibility
 p - 2 potions of attraction
 q - a potion of might
 v - a potion of ambrosia
 z - 2 potions of curing
 A - a potion of cancellation
 C - a potion of brilliance
 D - 2 potions of mutation
 M - 2 potions of heal wounds
 P - a potion of magic
 Q - a potion of lignification {unknown}


   Skills:
 + Level 9.6 Fighting
 * Level 13.1 Maces & Flails
 + Level 13.0 Stealth
 + Level 7.2 Shields
 - Level 3.0 Spellcasting
 - Level 5.0 Fire Magic
 - Level 5.0 Ice Magic


You had 12 spell levels left.
You knew the following spells:

 Your Spells              Type           Power      Damage    Failure   Level
a - Scorch                Fire           34%        2d7       11%         2
b - Frozen Ramparts       Ice            34%        1d5       21%         3

Your spell library contained the following spells:

 Spells                   Type           Power      Damage    Failure   Level
 Sandblast                Erth           4%         2d4       47%         1
 Passwall                 Tmut/Erth      1%         N/A       63%         2
 Stone Arrow              Conj/Erth      4%         3d7       85%         3
 Ice Form                 Ice/Tmut       9%         N/A       88%         4
 Summon Ice Beast         Ice/Summ       9%         N/A       88%         4


Dungeon Overview and Level Annotations

Branches:
Dungeon (10/15)            Temple (1/1) D:5            Lair (2/6) D:9
  Swamp (0/4) Lair:2          Orc (0/2) D:9
  Snake: Lair:2-4    Spider: Lair:2-4

Altars:
Ashenzari
Cheibriados
Dithmenos
Elyvilon
Fedhas
Gozag
Hepliaklqana
Kikubaaqudgha
Makhleb
Nemelex Xobeh
Okawaru
Qazlal
Ru
Sif Muna
Trog
Uskayaw
Vehumet
Wu Jian
Xom
Yredelemnul
Zin
The Shining One

Shops:
D:3 *   D:6 [   D:7 *


Innate Abilities, Weirdness & Mutations

Your serpentine skin is tough. (AC +4)
You have supernaturally acute eyesight. (SInv)
Armour fits poorly on your strangely shaped body.
Your system is resistant to poisons. (rPois)
You cover ground very slowly.
You can spit poison.
You have a snake-like lower body.


Message History

The death yak is moderately wounded.
The wall freezes the death yak. x2
Unknown command.
You hit the death yak.
The death yak is moderately wounded.
The wall freezes the death yak. x2; The death yak gores you!
Unknown command.
You barely miss the death yak.
The death yak is moderately wounded.
The wall freezes the death yak. x2
Unknown command.
Aiming: Corrosive Bolt
Press: ? - help, Shift-Dir - straight line, f - death yak
Aim: a death yak (moderately wounded, 90% to hit)
The bolt of acid hits the death yak.
The acid corrodes the death yak!
The death yak is moderately wounded.
The bolt of acid hits the death yak!
The acid corrodes the death yak!
The death yak is heavily wounded.
The bolt of acid hits the death yak!
The death yak is lightly wounded.
The wall freezes the death yak. x2; The death yak gores you!!
The wall freezes the death yak. x2
Unknown command.
Unknown command.
You barely miss the death yak.
The death yak is heavily wounded.
The wall freezes the death yak. x2; The death yak gores you!!
* * * LOW HITPOINT WARNING * * *
Unknown command.
You whack the death yak!
The death yak is severely wounded.
The wall freezes the death yak. x2
Unknown command.
Okay, then.
Unknown command.
As you read the scroll of teleportation, it crumbles to dust.
You feel strangely unstable.
The wall freezes the death yak. x2
The death yak gores you!!
You die...
Your body crumbles into a pile of gold.

.P# ##...### #..# ##....# #..
.## ##..# #.## #...### #.. .#
#P..# #.## ##..######.. .#
##P..# #..# ##P...#.....# .#
#....######..####.....[......
.#
##...........)...............
.##
#[...#####.#.........######.#
..# #..#..........P#######
### ### ##..####..##@### #.##
#### #####Y## ..P# #YY# .P##
## #Y.# # ...##Y #P.##.## #
l.....Y. ...Y.....# ##### #
.#..#### Y..Y.....#####.#.# #
....# .##..#...##......## #
....# #..#....<.......######


You could see 4 death yaks.

Vanquished Creatures
  Snorg (D:10)
  Fannar (Lair:1)
  6 hydras
  Erica (Lair:1)
  2 death yaks (Lair:2)
  A two-headed ogre (D:10)
  A cyclops (D:9)
  3 black mambas
  A gargoyle (D:10)
  4 cane toads
  A rime drake (Lair:1)
  A komodo dragon (Lair:2)
  A polar bear (Lair:2)
  Grinder (D:4)
  A hornet (D:9)
  Prince Ribbit (D:6)
  Sigmund (D:4)
  2 wyverns
  A human (D:4)
  2 basilisks (Lair:2)
  4 yaks (Lair:2)
  A swamp worm (Lair:2)
  6 water moccasins
  3 acid dragons
  4 orc warriors
  A hornet zombie (D:7)
  A black bear (Lair:1)
  A necrophage (D:10)
  4 ogres
  A tengu (Lair:1)
  3 centaurs
  A phantom (D:5)
  2 lemures (D:4)
  3 kobold brigands
  4 bullfrogs
  Blork the orc (D:5)
  2 gnoll sergeants (D:10)
  6 scorpions
  5 wights
  10 centaur zombies
  5 jellies
  4 orc priests
  5 hounds
  A bullfrog skeleton (D:4)
  A human zombie (D:10)
  Crazy Yiuf (D:2)
  Jessica (D:2)
  2 iguanas
  11 orc wizards
  2 scorpion zombies
  A killer bee zombie (D:8)
  A hound skeleton (D:5)
  A hound zombie (D:5)
  Robin (D:2)
  15 gnolls
  7 adders
  A shadow imp (D:7)
  2 white imps
  An adder zombie (D:5)
  2 dart slugs (D:1)
  25 orcs
  5 ball pythons
  4 bats
  8 endoplasms
  3 giant cockroaches
  16 goblins
  8 hobgoblins
  2 jackals (D:1)
  A quokka (D:2)
  3 frilled lizards
  20 kobolds
  3 rats
259 creatures vanquished.

Vanquished Creatures (collateral kills)
  3 foxfires (Lair:2)
3 creatures vanquished.

Vanquished Creatures (others)
  An orc wizard (D:6)
  137 foxfires
  11 fungi
  6 plants
155 creatures vanquished.

Grand Total: 417 creatures vanquished

Notes
Turn   | Place    | Note
-------+----------+-------------------------------------------
     0 | D:1      | barkas the Naga Cinder Acolyte began the quest for the Orb.
     0 | D:1      | Reached XP level 1. HP: 21/21 MP: 2/2
   120 | D:1      | Reached XP level 2. HP: 28/28 MP: 3/3
   552 | D:1      | Reached XP level 3. HP: 34/34 MP: 4/4
   886 | D:1      | Learned a level 2 spell: Scorch
  1052 | D:2      | Noticed Jessica
  1059 | D:2      | Killed Jessica
  1060 | D:2      | Reached XP level 4. HP: 36/44 MP: 0/5
  1541 | D:2      | Noticed Robin
  1549 | D:2      | Killed Robin
  1550 | D:2      | Reached XP level 5. HP: 41/50 MP: 6/6
  1555 | D:2      | Reached skill level 5 in Maces & Flails
  1640 | D:2      | Found a runed translucent door.
  1641 | D:2      | Noticed Crazy Yiuf
  2000 | D:3      | Found a faded altar of an unknown god.
  2021 | D:3      | Found an opulent altar of Gozag.
  2027 | D:3      | Found Gozag's Platinum Reserve.
  2248 | D:3      | Reached skill level 1 in Stealth
  2410 | D:3      | Identified a scroll of acquirement
  3197 | D:3      | Reached XP level 6. HP: 57/57 MP: 0/7
  3474 | D:4      | Reached skill level 1 in Shields
  3747 | D:4      | Noticed Grinder
  3751 | D:4      | Noticed Pikel
  3755 | D:4      | Killed Grinder
  3756 | D:4      | Reached XP level 7. HP: 48/66 MP: 1/8
  3756 | D:4      | Noticed Sigmund
  3870 | D:4      | Killed Sigmund
  4053 | D:4      | Noticed Pikel
  4053 | D:4      | Pikel changed into Pikel the human
  4125 | D:4      | Killed Pikel the human
  4126 | D:4      | Reached skill level 5 in Fighting
  4126 | D:4      | Reached XP level 8. HP: 65/74 MP: 9/9
  4210 | D:4      | Found a blossoming altar of Fedhas.
  4495 | D:4      | Reached skill level 5 in Stealth
  4671 | D:4      | You fall into a shaft and drop 2 floors!
  4681 | D:6      | Learned a level 3 spell: Frozen Ramparts
  4976 | D:6      | Reached skill level 1 in Ice Magic
  5236 | D:6      | Found Poanlod's Antique Armour Emporium.
  5462 | D:5      | Entered Level 5 of the Dungeon
  5691 | D:5      | Reached XP level 9. HP: 63/82 MP: 3/11
  6089 | D:5      | Found a staircase to the Ecumenical Temple.
  6105 | Temple   | Entered the Ecumenical Temple
  6734 | D:5      | Found a hide-covered altar of Uskayaw.
  6841 | D:5      | Noticed Blork the orc
  6849 | D:5      | Killed Blork the orc
  7521 | D:6      | Noticed Prince Ribbit
  7532 | D:6      | Killed Prince Ribbit
  7761 | D:7      | Found Faes's Gadget Gallery.
  7964 | D:6      | Acquired 938 gold pieces
  7969 | D:6      | Bought a bloodstained scale mail for 270 gold pieces
  7969 | D:6      | Identified the +1 scale mail of the Orcish Mines {rC++
                  | Str+2 Dex-3 Slay+5} (You bought it in a shop on level 6 of
                  | the Dungeon)
  8758 | D:8      | Reached XP level 10. HP: 26/92 MP: 11/13
  9555 | D:8      | Found a burning altar of Makhleb.
  9555 | D:8      | Found a basalt altar of Yredelemnul.
  9705 | D:9      | Found a shimmering blue altar of Sif Muna.
  9705 | D:9      | Found a sacrificial altar of Ru.
  9726 | D:9      | Found a staircase to the Lair.
  9963 | D:9      | Noticed a torpor snail
  9965 | D:9      | Found a snail-covered altar of Cheibriados.
  9973 | D:9      | Found a staircase to the Orcish Mines.
 10352 | D:9      | Noticed a cyclops
 10359 | D:9      | Killed a cyclops
 10537 | D:10     | Entered Level 10 of the Dungeon
 10538 | D:10     | Noticed Snorg
 10538 | D:10     | Noticed a gargoyle
 10557 | Lair:1   | Entered Level 1 of the Lair of Beasts
 10564 | Lair:1   | Noticed a four-headed hydra
 10565 | Lair:1   | Noticed a four-headed hydra
 10574 | Lair:1   | Killed a four-headed hydra
 10583 | Lair:1   | Noticed a cane toad
 10602 | Lair:1   | Killed a four-headed hydra
 10603 | Lair:1   | Reached skill level 10 in Maces & Flails
 10603 | Lair:1   | Reached skill level 5 in Shields
 10603 | Lair:1   | Reached skill level 5 in Ice Magic
 10604 | Lair:1   | Killed a cane toad
 10629 | Lair:1   | Noticed a six-headed hydra
 10798 | Lair:1   | Killed a six-headed hydra
 10799 | Lair:1   | Reached XP level 11. HP: 10/100 MP: 15/15
 11489 | Lair:1   | Noticed Erica
 11500 | Lair:1   | Killed Erica
 11501 | Lair:1   | Reached skill level 5 in Fire Magic
 11534 | Lair:1   | Reached skill level 10 in Stealth
 11733 | Lair:1   | Noticed Fannar
 11744 | Lair:1   | Killed Fannar
 11816 | Lair:1   | Noticed Sonja
 11819 | Lair:1   | Noticed Sonja
 11819 | Lair:1   | Sonja changed into Sonja the tengu
 11826 | Lair:1   | Killed Sonja the tengu
 12138 | Lair:2   | Noticed an eight-headed hydra
 12138 | Lair:2   | Noticed a six-headed hydra
 12303 | Lair:2   | Killed a six-headed hydra
 12821 | Lair:2   | Noticed a death yak
 12932 | Lair:2   | Noticed a death yak
 13003 | Lair:2   | Noticed a five-headed hydra
 13017 | Lair:2   | Killed a five-headed hydra
 13213 | Lair:2   | Found a staircase to the Swamp.
 13382 | Lair:2   | Killed an eight-headed hydra
 13383 | Lair:2   | Reached XP level 12. HP: 93/112 MP: 16/16
 13543 | Lair:2   | Noticed a death yak
 13549 | Lair:2   | Noticed a death yak
 13552 | Lair:2   | Noticed a death yak
 13558 | Lair:2   | Killed a death yak
 13846 | Lair:2   | Noticed a death yak
 13863 | Lair:2   | Killed a death yak
 14378 | D:2      | Killed Crazy Yiuf
 14593 | D:10     | Noticed a two-headed ogre
 14599 | D:10     | Killed a two-headed ogre
 14722 | D:10     | Found an ancient bone altar of Kikubaaqudgha.
 15330 | D:10     | Killed Snorg
 15885 | D:3      | Fell from the grace of Ignis
 15885 | D:3      | Became a worshipper of Gozag Ym Sagoz the Greedy
 16144 | Lair:2   | Slain by a death yak

Illustrated notes

Levels and vault maps discovered:
D:1:      saegor_arrival_simple_a, layout_rooms, minmay_surrounded
D:2:      layout_rooms, uniq_robin, uniq_jessica, uniq_crazy_yiuf_cottage
D:3:      layout_basic, nicolae_gozag_zags_fifth_avenue,
          shapermc_ecumenical_altar_pompeii, lemuel_flame_loot_1
D:4:      layout_rooms, fedhas_altar_1, minivault_26, uniq_pikel, uniq_sigmund,
          uniq_grinder
D:5:      layout_cave_pools, nicolae_uskayaw_murder_on_the_dancefloor,
          minmay_temple_entry_mini_moons, amcnicky_mini_pool_medium,
          uniq_blork_the_orc
D:6:      layout_basic, nicolae_take_the_stairs, uniq_prince_ribbit1
D:7:      layout_rooms, nicolae_shop_gadgets
D:8:      layout_loops_ring, amethyst_overflow_temple_binary,
          serial_bayou_crossing
D:9:      layout_roguey, cheibriados_altar_2,
          mainiacjoe_overflow_large_starburst, dpeg_oklobed_lair, david_orc_2
D:10:     layout_grid_maze, lemuel_mausoleum_altar_kikubaaqudgha, uniq_snorg
Temple:   nicolae_temple_figure_eight
Lair:1:   layout_long_grid, lemuel_fruit_tree, uniq_erica, uniq_fannar,
          uniq_sonja
Lair:2:   layout_loops_ring, minmay_swamp_entry_worms

Skill      XL: |  1  2  3  4  5  6  7  8  9 10 11 12 |
---------------+-------------------------------------+-----
Maces & Flails | 4 5 6 7 9 10 11 13 | 13.1
Fighting       | 4 5 6 7 8 9 |  9.6
Stealth        | 1 3 4 6 7 9 11 13 | 13.0
Shields        | 2 3 4 5 6 7 |  7.2
Ice Magic      | 2 4 5 |  5.0
Spellcasting   | 2 3 |  3.0
Fire Magic     | 4 5 |  5.0

Action                   |  1- 3 |  4- 6 |  7- 9 | 10-12 || total
-------------------------+-------+-------+-------+-------++-------
Melee: Mace              |    41 |    20 |    13 |       ||    74
       Whip              |       |       |   153 |   367 ||   520
 Cast: Scorch            |     6 |    40 |    80 |    33 ||   159
       Frozen Ramparts   |       |       |     7 |    38 ||    45
Invok: Foxfire Swarm     |       |     3 |     1 |     4 ||     8
 Abil: Spit Poison       |    25 |    28 |    55 |    26 ||   134
Evoke: Wand              |       |       |     4 |     4 ||     8
  Use: Scroll            |       |     5 |    10 |     7 ||    22
       Potion            |       |       |     2 |       ||     2
 Stab: Invisible         |       |       |     1 |       ||     1
       Sleeping          |       |       |     1 |     8 ||     9
Armor: Robe              |    12 |     2 |       |       ||    14
       Animal skin       |       |     9 |    41 |       ||    50
       Skin              |       |       |     2 |       ||     2
       Scale mail        |       |       |    15 |    88 ||   103
Dodge: Dodged            |    19 |    30 |    61 |   147 ||   257
Block: Buckler           |       |     1 |    37 |    70 ||   108

Table legend: (Time is in decaauts)
 A = Elapsed time spent in this place.
 B = Non-inter-level travel time spent in this place.
 C = Inter-level travel time spent in this place.
 D = Time resting spent in this place.
 E = Time spent auto-exploring this place.
 F = Levels seen in this place.
 G = Mean time per level.
                   A        B        C        D        E       F      G
               +--------+--------+--------+--------+--------+-----+--------+
         Total |  19364 |  17358 |   2006 |   2313 |  12101 |  13 | 1489.5 |
       Dungeon |  15235 |  13735 |   1500 |   1909 |   9400 |  10 | 1523.5 |
        Temple |    353 |    319 |     34 |      0 |    317 |   1 |  353.0 |
          Lair |   3775 |   3304 |    471 |    403 |   2383 |   2 | 1887.5 |
               +--------+--------+--------+--------+--------+-----+--------+

Top non-repeatable levels by time:
     D:3: 2293 daAuts
  Lair:2: 2195 daAuts
     D:6: 2035 daAuts
     D:9: 1731 daAuts
  Lair:1: 1580 daAuts
    D:10: 1439 daAuts
     D:8: 1430 daAuts
     D:5: 1341 daAuts
     D:2: 1310 daAuts
     D:1: 1284 daAuts
     D:4: 1280 daAuts
     D:7: 1089 daAuts
  Temple: 353 daAuts
